 Dungeon Crawl Stone Soup version 0.17.2-1-ge4368a0 (webtiles) character file.

70 Goblin1989 the Firebug (level 4, -4/38 HPs)
             Began as a Naga Wanderer on Nov 14, 2017.
             Killed by nerve-wracking pain
             ... invoked by an orc priest
              (14 damage)
             ... on level 3 of the Dungeon.
             The game lasted 00:11:41 (2621 turns).

Goblin1989 the Firebug (Naga Wanderer)              Turns: 2621, Time: 00:11:41

Health: -4/38      AC:  3    Str: 14    XL:     4   Next: 21%
Magic:  0/6        EV:  9    Int: 13    God:
Gold:   92         SH:  0    Dex: 11    Spells: 2 memorised, 2 levels left

rFire  . . .     SeeInvis +     a - +1 dagger (elec)
rCold  . . .     Clarity  .     d - +0 robe
rNeg   . . .     SustAt   .     (no shield)
rPois  +         Gourm    .     c - +0 helmet
rElec  .         Spirit   .     (no cloak)
rCorr  .         Warding  .     (no gloves)
rMut   .         Stasis   .     (no barding)
MR     .....                    (no amulet)
Stlth  ++........               (no ring)
                                (no ring)

@: short of breath, very slow, not resistant to hostile enchantments, unstealthy
A: see invisible, deformed body, poison resistance, slowness 2, slow metabolism
1, spit poison 2, AC +1
a: Spit Poison


You were on level 3 of the Dungeon.
You were not hungry.

You visited 1 branch of the dungeon, and saw 3 of its levels.

You collected 92 gold pieces.

Inventory:

Hand Weapons
 a - a +1 dagger of electrocution (weapon)
 b - a +0 hand axe
Missiles
 g - 87 stones (quivered)
 l - 33 sling bullets
 m - 25 arrows
 u - 2 javelins
Armour
 c - a +0 helmet (worn)
 d - a +0 robe (worn)
Jewellery
 i - an amulet of clarity {unknown}
Scrolls
 h - a scroll of magic mapping {unknown}
 o - a scroll of noise {unknown}
 q - 2 scrolls of identify {unknown}
 w - a scroll of random uselessness {unknown}
 x - a scroll of remove curse {unknown}
 T - 3 scrolls of teleportation {@r3, !r}
Potions
 k - 4 potions of cancellation {unknown}
 n - a potion of haste {unknown}
 p - a potion of agility {unknown}
 t - a potion of heal wounds {unknown}
 v - 5 potions of curing {@q1}
Books
 y - a book of Flames

   Spells                             Type                      Level
   a - Flame Tongue                   Conjuration/Fire             1
   b - Throw Flame                    Conjuration/Fire             2
   c - Conjure Flame                  Conjuration/Fire             3
   d - Inner Flame                    Hexes/Fire                   3
   e - Sticky Flame                   Conjuration/Fire             4
   f - Fireball                       Conjuration/Fire             5
Comestibles
 e - 2 bread rations {@e1}
 f - 2 royal jellies
 j - a meat ration {@e2}
 r - 2 chunks of flesh
 s - a beef jerky
 z - a slice of pizza


   Skills:
 - Level 1.0 Fighting
   Level 2.0 Staves
 + Level 0.2 Dodging
 - Level 1.5 Stealth
   Level 1.0 Shields
 + Level 1.6 Spellcasting
 * Level 2.0 Conjurations
   Level 2.0 Hexes
 * Level 3.6 Fire Magic


You had 2 spell levels left.
You knew the following spells:

 Your Spells              Type           Power        Failure   Level  Hunger
a - Flame Tongue          Conj/Fire      #....        10%         1    ##.....
j - Conjure Flame         Conj/Fire      #.......     28%         3    ####...


Dungeon Overview and Level Annotations

Branches:
Dungeon (3/15)

Altars:
Okawaru


Innate Abilities, Weirdness & Mutations

You cannot wear boots.
Your serpentine skin is tough (AC +1).
You have supernaturally acute eyesight.
Armour fits poorly on your strangely shaped body.
Your system is resistant to poisons.
You cover ground very slowly.
You have a slow metabolism.
You can spit poison.


Message History

Aiming: Flame Tongue
Press: ? - help, Shift-Dir - straight line, f/p - orc
Aim: an orc, wearing a scale mail The flame tongue misses the orc.
The orc barely misses you.
You now have 5/6 mp.
Casting: Flame Tongue
Confirm with . or Enter, or press ? or * to list all spells.
Aiming: Flame Tongue
Press: ? - help, Shift-Dir - straight line, f/p - orc
Aim: an orc, wearing a scale mail The flame tongue hits the orc.
The orc appears unharmed.
You have got your breath back.
The orc hits you.
You take 2 damage, and have 36/38 hp.
You now have 4/6 mp.
Casting: Flame Tongue
Confirm with . or Enter, or press ? or * to list all spells.
Aiming: Flame Tongue
Press: ? - help, Shift-Dir - straight line, f - orc priest, p - orc
Aim: an orc priest, wielding a flail and wearing a leather armour The flame tongue hits the orc.
The orc appears unharmed.
The orc hits you.
You take 2 damage, and have 34/38 hp.
You now have 3/6 mp.
Press: ? - help, Shift-Dir - straight line, f/p - orc priest
Aim: an orc priest, wielding a flail and wearing a leather armour The splash of poison misses the orc.
The splash of poison hits the orc priest.
The orc priest is heavily wounded.
You feel slightly more hungry. The orc completely misses you.
Unknown command.
Unknown command.
Casting: Flame Tongue
Confirm with . or Enter, or press ? or * to list all spells.
Aiming: Flame Tongue
Press: ? - help, Shift-Dir - straight line, p - orc priest The flame tongue misses the orc.
The flame tongue misses the orc priest.
The orc hits you.
You take 3 damage, and have 31/38 hp.
You now have 2/6 mp.
Casting: Flame Tongue
Confirm with . or Enter, or press ? or * to list all spells.
Aiming: Flame Tongue
Press: ? - help, Shift-Dir - straight line The flame tongue misses the orc.
The flame tongue misses the orc priest.
The orc hits you.
You take 3 damage, and have 28/38 hp.
You now have 1/6 mp.
Unknown command.
Casting: Flame Tongue
Confirm with . or Enter, or press ? or * to list all spells.
Aiming: Flame Tongue
Press: ? - help, Shift-Dir - straight line The flame tongue hits the orc.
The orc appears unharmed.
The orc hits you.
You take 1 damage, and have 27/38 hp.
You now have 0/6 mp.
You have got your breath back.
The orc completely misses you.
Press: ? - help, Shift-Dir - straight line, f - orc priest
Aim: an orc priest, wielding a flail and wearing a leather armour (heavily wounded)
The splash of poison hits the orc priest.
The orc priest appears unharmed.
The orc priest is heavily wounded.
You feel slightly more hungry. The orc closely misses you.
You barely miss the orc priest.
The orc priest is heavily wounded.
The orc priest misses you. The orc barely misses you.
You closely miss the orc priest.
The orc priest is heavily wounded.
The orc priest hits you with a flail! The orc closely misses you.
You take 9 damage, and have 18/38 hp.
O_OOPS!!
MASSIVE DAMAGE!!
You hit the orc priest but do no damage.
The orc priest is moderately wounded.
The orc priest hits you but does no damage.
The orc barely misses you.
Casting: Flame Tongue
Confirm with . or Enter, or press ? or * to list all spells.
Aiming: Flame Tongue
Press: ? - help, Shift-Dir - straight line, f/p - orc priest
Aim: an orc priest, wielding a flail and wearing a leather armour (moderately wounded)
The flame tongue misses the orc priest.
The orc priest hits you with a flail.
* * * LOW HITPOINT WARNING * * *
The orc barely misses you.
You take 5 damage, and have 13/38 hp.
You now have 0/6 mp.
You barely miss the orc priest.
The orc priest is moderately wounded.
You have got your breath back.
The orc closely misses you. The orc priest hits you with a flail.
* * * LOW HITPOINT WARNING * * *
You take 3 damage, and have 10/38 hp.
You closely miss the orc priest.
The orc priest is moderately wounded.
The orc closely misses you.
You completely miss the orc priest.
The orc priest is moderately wounded.
The orc priest barely misses you. The orc barely misses you.
Casting: Flame Tongue
Confirm with . or Enter, or press ? or * to list all spells.
Okay, then.
Press: ? - help, Shift-Dir - straight line, f/p - orc priest
Aim: an orc priest, wielding a flail and wearing a leather armour (moderately wounded)
The splash of poison misses the orc priest.
You feel slightly more hungry.
The orc priest mumbles some strange prayers to Beogh against you.
Pain shoots through your body!
You die...

███ .. . .. .. ███. ..
█. ██..o █ .███ █. ....█
.. ..█ █.████.██.█ .█
█.█ ..██.. █.█ .██
█.████ █.██.███†█.█
..████.<..███.██.o..!..█
.......██.......@o██.███
......†.██......██...█
.................█.███
...........████...$.
..........██ ██.....
..........█ ..██..
..........█ ..█ ...
........█.. ...
.......██ █


You could see an orc priest and an orc.

Vanquished Creatures
  3 adders
  2 giant geckos
  An orc (D:3)
  6 goblins
  8 hobgoblins
  A ball python (D:1)
  9 bats
  4 giant cockroaches
  3 giant newts
  4 kobolds
  5 rats
46 creatures vanquished.

Notes
Turn   | Place    | Note
--------------------------------------------------------------
     0 | D:1      | Goblin1989 the Naga Wanderer began the quest for the Orb.
     0 | D:1      | Goblin1989 set off with: a book of Flames, a potion of curing {@q1}, a +0 robe, a bread ration {@e1}, a +0 club, a scroll of teleportation
     0 | D:1      | Reached XP level 1. HP: 18/18 MP: 1/1
   273 | D:1      | Reached skill level 1 in Spellcasting
   276 | D:1      | Learned a level 1 spell: Flame Tongue
   455 | D:1      | Reached XP level 2. HP: 25/25 MP: 1/3
  1123 | D:1      | Reached skill level 1 in Conjurations
  1321 | D:1      | Reached XP level 3. HP: 31/31 MP: 5/5
  1865 | D:2      | Learned a level 3 spell: Conjure Flame
  2073 | D:2      | Found an iron altar of Okawaru.
  2406 | D:2      | You fall through a shaft!
  2423 | D:2      | Found an iron altar of Okawaru.
  2451 | D:3      | Reached XP level 4. HP: 38/38 MP: 3/6
  2621 | D:3      | Killed from afar by an orc priest

Action                   |  1- 3 |  4- 6 || total
-------------------------+-------+-------++-------
Melee: Club              |    13 |       ||    13
       Dagger            |       |     6 ||     6
 Cast: Flame Tongue      |    21 |    11 ||    32
 Abil: Spit Poison       |    39 |     6 ||    45
  Eat: Chunk             |     6 |     1 ||     7

Vault maps used:
D:1:      scummos_arrival_simple_fountains
D:2:      nicolae_overflow_hidden_temple, okawaru_trees_1
D:3:      ecumenical_altar_2, cheibrodos_ashenzari_chains
